Map: Dämmertürme

Players

adrenAlin

  • Race: Terran Terran
  • League: Master

AquilaGo

  • Race: Terran Terran

Sheppard

  • Race: Terran Terran
  • League: Master

Dune

  • Race: Terran Terran

VOD

Have the link to the VOD?

Description

Time

  • Played on: June 3, 2016, 5:41 p.m.
  • Length: 8:27
Show
View Real Time Build Order
Export as new Build Order

adrenAlin Terran 

Build Orders:  

Get SALT Encoding   

  12  0:00  SCV  
  13  0:13  SCV  
  14  0:18  Supply Depot  
  14  0:25  SCV  
  15  0:40  Barracks, SCV  
  16  0:46  Refinery  
  16  0:52  SCV  
  17  1:04  SCV  
  18  1:20  SCV  
  19  1:27  Marine  
  20  1:32  Orbital Command  
  20  1:49  Command Center  
  20  1:54  Marine  
  20  1:58  SCV  
  22  2:06  Supply Depot  
  22  2:10  SCV  
  22  2:14  Barracks Reactor  
  23  2:26  Barracks  
  23  2:28  Factory, SCV  
  24  2:40  SCV  
  24  2:43  Refinery  
  25  2:51  Marine x2  
  25  2:52  SCV  
  25  2:55  Supply Depot  
  26  3:05  Orbital Command  
  26  3:09  Marine x2  
  28  3:13  Hellion  
  29  3:26  SCV  
  28  3:28  Marine x2  
  30  3:38  SCV x2  
  34  3:50  SCV  
  34  3:51  SCV  
  34  3:54  Factory Tech Lab  
  34  3:55  Marine x2  
  35  4:01  Starport  
  35  4:02  SCV  
  37  4:04  SCV  
  38  4:13  Siege Tank  
  38  4:14  Marine x2  
  38  4:15  SCV  
  38  4:16  SCV  
  45  4:20  Supply Depot  
  45  4:27  SCV  
  45  4:30  Engineering Bay  
  45  4:31  SCV  
  47  4:38  Viking  
  51  4:43  SCV x2, Refinery  
  51  4:56  Factory Tech Lab  
  51  4:58  Barracks, SCV x2  
  53  5:00  Barracks  
  53  5:13  SCV x2  
  53  5:14  Viking  
  56  5:17  Siege Tank  
  56  5:19  Stimpack  
  56  5:23  Terran Infantry Weapons Level 1  
  56  5:33  SCV x2  
  56  5:45  SCV x2  
  56  5:46  Barracks Reactor  
  58  5:52  Siege Tank  
  58  5:56  Refinery  
  61  5:57  SCV  
  62  6:08  Supply Depot  
  62  6:13  Command Center  
  62  6:29  Marine x5  
  65  6:33  Siege Tank  
  65  6:35  Starport Reactor  
  65  6:39  Armory  
  69  6:40  SCV  
  69  6:43  SCV  
  70  6:53  Supply Depot  
  70  6:57  Barracks  
  70  7:01  Engineering Bay  
  70  7:09  Supply Depot  
  70  7:11  Supply Depot  
  70  7:15  Marine x5, SCV x2  
  77  7:19  Barracks  
  77  7:24  Medivac  
  77  7:27  SCV x2  
  81  7:33  Marine x4  
  85  7:37  Marine  
  85  7:38  Siege Tank  
  85  7:39  SCV x2  
  91  7:50  Marine x4  
  95  7:51  SCV x2  
  95  7:55  Orbital Command  
  95  7:57  Barracks Reactor  
Show
View Real Time Build Order
Export as new Build Order

AquilaGo Terran 

Build Orders: Reaper Expand, MMM Bio 

Get SALT Encoding   

  12  0:00  SCV  
  13  0:12  SCV  
  14  0:18  Supply Depot  
  14  0:24  SCV  
  15  0:39  SCV  
  15  0:41  Barracks  
  16  0:46  Refinery  
  16  0:52  SCV  
  17  1:04  SCV  
  18  1:16  SCV  
  19  1:28  Orbital Command  
  19  1:29  Reaper  
  20  1:44  Command Center  
  20  1:54  SCV  
  21  2:01  Reaper, Supply Depot  
  21  2:06  SCV  
  23  2:22  SCV  
  24  2:26  Factory  
  24  2:34  SCV  
  25  2:43  Barracks Reactor  
  25  2:47  Command Center, SCV  
  26  2:56  Orbital Command  
  26  2:59  SCV  
  27  3:05  Refinery  
  27  3:11  SCV  
  28  3:20  Starport  
  28  3:23  SCV x2  
  30  3:31  Hellion  
  30  3:32  Hellion  
  34  3:35  SCV x2  
  36  3:47  SCV x2  
  36  3:53  Hellion x2, Supply Depot  
  40  3:57  Medivac  
  40  3:59  SCV x2  
  44  4:03  Orbital Command  
  44  4:04  Barracks Tech Lab  
  44  4:11  SCV  
  44  4:12  SCV  
  46  4:23  SCV  
  46  4:24  SCV  
  48  4:25  Stimpack  
  48  4:27  Supply Depot  
  48  4:30  SCV  
  49  4:35  SCV, Supply Depot  
  49  4:36  SCV  
  49  4:37  Viking x2  
  55  4:43  SCV  
  55  4:45  Engineering Bay  
  56  4:48  SCV x2, Refinery  
  56  4:49  Refinery  
  56  4:52  Marine  
  59  4:55  SCV  
  60  5:00  SCV x2  
  60  5:05  Barracks  
  60  5:06  Barracks  
  62  5:08  SCV  
  62  5:12  SCV x2  
  65  5:18  Factory Tech Lab  
  65  5:19  Marine  
  65  5:20  SCV  
  67  5:24  SCV x2  
  67  5:26  Terran Infantry Weapons Level 1  
  65  5:30  Supply Depot  
  65  5:31  Supply Depot  
  65  5:32  SCV  
  62  5:36  SCV x2  
  62  5:38  Siege Tank  
  62  5:39  Barracks  
  62  5:40  Barracks  
  62  5:42  Barracks  
  65  5:44  Orbital Command  
  65  5:47  Viking  
  65  5:48  SCV x2, Viking  
  71  5:57  Supply Depot  
  71  6:00  SCV x2  
  71  6:02  Barracks Reactor x2  
  73  6:05  Marine  
  73  6:10  Siege Tank, SCV  
  78  6:12  SCV  
  77  6:19  Viking x2  
  77  6:23  Marine  
  82  6:26  Barracks Reactor, Combat Shields  
  82  6:27  Barracks Reactor  
  82  6:28  Barracks Reactor  
  80  6:34  SCV x3, Refinery  
  80  6:35  Refinery  
  83  6:40  Marine x4  
  83  6:41  Marine  
  83  6:42  Siege Tank  
  83  6:46  SCV x3  
  94  6:52  Supply Depot  
  94  6:53  Supply Depot  
  94  6:54  Supply Depot  
  94  6:55  Medivac, Supply Depot  
  94  6:58  Medivac, SCV x3  
  101  7:02  Marine x4  
  101  7:04  Marine x4  
  109  7:13  Marine x3  
  109  7:14  SCV x3  
  115  7:20  Marine x4, Supply Depot  
  115  7:22  Marine x3, Supply Depot  
  120  7:24  Siege Tank  
  120  7:25  Marine  
  126  7:30  Supply Depot  
  126  7:31  Marine x3  
  129  7:37  Missile Turret  
  129  7:38  Marine x4  
  129  7:39  Missile Turret  
  129  7:40  Marine x3  
  129  7:42  Missile Turret  
  129  7:43  Marine  
  129  7:44  Missile Turret  
  136  7:45  Missile Turret  
  136  7:47  Missile Turret  
  136  7:48  Medivac x2  
  136  7:49  Marine x3  
  143  7:55  Marine  
  143  7:56  Marine x2  
  148  8:02  Supply Depot x3  
  148  8:05  Command Center  
  148  8:08  Marine  
  148  8:09  Marine  
  149  8:25  Factory  
Show
View Real Time Build Order
Export as new Build Order

Sheppard Terran 

Build Orders:  

Get SALT Encoding   

Show
View Real Time Build Order
Export as new Build Order

Dune Terran 

Build Orders:  

Get SALT Encoding   

Tags
 
Add a new tag
Caveats
  • Supply blocks, unpowered buildings, or Contaminate may cause inaccurate times.
  • Supply counts are checked every 10 seconds.